 Dungeon Crawl Stone Soup version 0.23-a0-404-g0063841 (webtiles) character file.

169 ozpin88 the Chopper (level 5, -3/47 HPs)
             Began as a Minotaur Berserker on Nov 6, 2018.
             Was a Believer of Trog.
             Slain by a gnoll
             ... wielding a +3 spear
              (10 damage)
             ... on level 3 of the Dungeon.
             The game lasted 00:04:34 (2063 turns).

ozpin88 the Chopper (Minotaur Berserker)            Turns: 2063, Time: 00:04:35

Health: -3/47      AC:  2    Str: 23    XL:     5   Next: 25%
Magic:  4/4        EV: 13    Int:  4    God:    Trog [**....]
Gold:   116        SH:  0    Dex:  9    Spells: 4/4 levels left

rFire    . . .     SeeInvis .   a - +0 hand axe
rCold    . . .     Gourm    .   (no shield)
rNeg     . . .     Faith    .   b - +0 animal skin
rPois    .         Spirit   .   (helmet restricted)
rElec    .         Reflect  .   (no cloak)
rCorr    .         Harm     .   (no gloves)
MR       .....                  (no boots)
Stlth    +.........             (no amulet)
HPRegen  0.15/turn              (no ring)
MPRegen  0.09/turn              (no ring)

@: berserk cooldown
A: retaliatory headbutt, horns 2
a: Berserk, Trog's Hand, Renounce Religion


You were on level 3 of the Dungeon.
You worshipped Trog.
Trog was pleased with you.
You were not hungry.

You visited 1 branch of the dungeon, and saw 3 of its levels.

You collected 116 gold pieces.

Inventory:

Hand Weapons
 a - a +0 hand axe (weapon)
Armour
 b - a +0 animal skin (worn)
 l - a +0 scale mail
Scrolls
 d - a scroll of enchant armour {unknown}
 e - 5 scrolls of identify {unknown}
 f - 2 scrolls of remove curse {unknown}
 g - a scroll of magic mapping {unknown}
 h - a scroll of random uselessness {unknown}
 j - a scroll of teleportation {unknown}
Potions
 i - a potion of brilliance {unknown}
 k - a potion of cancellation {unknown}
Comestibles
 c - 2 rations


   Skills:
 + Level 4.5 Fighting
 + Level 5.7 Axes
 + Level 2.8 Armour
 + Level 3.2 Dodging
 + Level 0.6 Stealth


You had 4 spell levels left.
You didn't know any spells.
Your spell library was empty.

Dungeon Overview and Level Annotations

Branches:
Dungeon (3/15)

Altars:
Trog
Xom


Innate Abilities, Weirdness & Mutations

You reflexively headbutt those who attack you in melee.
You have a pair of horns on your head.


Message History

You kill the orc!
Trog accepts your kill.
Things that are here:
a +0 club; a +0 leather armour; a scroll labeled LICOTROAMM You closely miss the orc.
Your headbutt misses the orc. The orc hits you but does no damage.
The gnoll shouts!
You slash the orc!
You kill the orc!
Trog accepts your kill.
You hear a shout! x2
The gnoll hits you with a +3 spear.
* * * LOW HITPOINT WARNING * * *
Things that are here:
a +0 dagger; a +0 leather armour; an orc corpse
Okay, then.
You barely miss the gnoll. You headbutt the gnoll!
The gnoll is severely wounded.
The gnoll hits you with a +3 spear!
You die...

#### ###..### ....
#...... #... ......
#...##....
#.........##
#..........#
##[.....###.#######
.......<<......g..#
.######.()).))@#
#..)($[..#
.............#
...##........# ##.
#...$>...# (#
#........# .
#........#
#........#
##########


You could see a gnoll.

Vanquished Creatures
  2 orc priests (D:3)
  A gnoll (D:3)
  An ooze (D:2)
  A worm (D:2)
  4 dart slugs
  A leopard gecko (D:2)
  5 orcs (D:3)
  2 ball pythons (D:2)
  10 hobgoblins
  6 jackals (D:1)
  7 kobolds
  2 quokkas (D:2)
  11 bats
  5 frilled lizards
  12 goblins
  6 rats
76 creatures vanquished.

Notes
Turn   | Place    | Note
-------+----------+-------------------------------------------
     0 | D:1      | ozpin88 the Minotaur Berserker began the quest for the Orb.
     0 | D:1      | Reached XP level 1. HP: 19/19 MP: 0/0
    57 | D:1      | Reached XP level 2. HP: 18/27 MP: 1/1
    63 | D:1      | Reached skill level 4 in Axes
   543 | D:1      | Reached XP level 3. HP: 26/33 MP: 2/2
   594 | D:1      | Reached ** piety under Trog
  1334 | D:2      | Reached XP level 4. HP: 28/40 MP: 3/3
  1442 | D:2      | Found a shimmering altar of Xom.
  1659 | D:2      | Found a bloodstained altar of Trog.
  1688 | D:2      | Reached skill level 5 in Axes
  2020 | D:3      | Noticed a hand axe
  2024 | D:3      | Reached XP level 5. HP: 47/47 MP: 4/4
  2063 | D:3      | Slain by a gnoll

Vault maps used:
D:1:      lemuel_arrival_river_ford, minmay_misc_feat_room
D:2:      overflow_temple_1_default, tgw_xom
D:3:      minmay_diamond_boxcup, regret_index_temple_of_mockery,
          dancing_weapons_uskayaw, uniq_ijyb

Skill      XL: |  1  2  3  4 |
---------------+-------------+-----
Axes           | 4 5 |  5.7
Fighting       | 4 |  4.5
Dodging        | 3 |  3.2
Armour         | |  2.8
Stealth        | |  0.6

Action                   |  1- 3 |  4- 6 || total
-------------------------+-------+-------++-------
Melee: Hand axe          |    93 |    42 ||   135
       Headbutt          |    17 |     7 ||    24
Invok: Berserk           |       |     1 ||     1
 Stab: Sleeping          |     1 |       ||     1
  Eat: Chunk             |     1 |     1 ||     2
       Ration            |       |     1 ||     1
Armor: Animal skin       |    16 |     5 ||    21
Dodge: Dodged            |    66 |    30 ||    96

Table legend:
 A = Non-vault XP
 B = Vault XP
 C = Vault XP percentage of total XP
 D = Non-vault monster count
 E = Vault monster count
 F = Vault count percentage of total count
                 A         B        C        D         E       F
            +---------+---------+-------+---------+---------+-------
      Total |     230 |      12 |   5.0 |      71 |       5 |   6.6
            +---------+---------+-------+---------+---------+-------
        D:1 |      60 |       0 |   0.0 |      36 |       0 |   0.0
        D:2 |      52 |      12 |  18.8 |      24 |       5 |  17.2
        D:3 |     118 |       0 |   0.0 |      11 |       0 |   0.0
            +---------+---------+-------+---------+---------+-------
